 Dungeon Crawl Stone Soup version 0.25.1-2-g60ff931df9 (webtiles) character file.

Game seed: 5116347315767931976

41293 nebnoj the Severer (level 13, -2/122 HPs)
             Began as a Minotaur Fighter on Sept 11, 2020.
             Was the Champion of Okawaru.
             Succumbed to a centaur warrior's poison gas
             ... on level 15 of the Dungeon on Sept 12, 2020.
             The game lasted 00:52:37 (17842 turns).

nebnoj the Severer (Minotaur Fighter)              Turns: 17842, Time: 00:52:37

Health: -2/122     AC: 30    Str: 26    XL:     13   Next: 79%
Magic:  9/14       EV:  7    Int:  8    God:    Okawaru [******]
Gold:   653        SH:  0    Dex: 15    Spells: 12/12 levels left

rFire    . . .     SeeInvis .   D - +12 battleaxe "Ehops" {drain, Dex+5}
rCold    . . .     Gourm    .   (shield currently unavailable)
rNeg     + + .     Faith    .   b - +1 crystal plate armour "Laplomymp" {rN++}
rPois    .         Spirit   .   Q - +0 hat {Int+3}
rElec    .         Reflect  .   e - +0 cloak
rCorr    .         Harm     .   Z - +0 pair of gloves {archery}
MR       .....                  (no boots)
Stlth    ..........             (no amulet)
HPRegen  0.30/turn              q - +4 ring of protection
MPRegen  0.14/turn              W - ring of stealth

@: lethally poisoned (-2 -> -62), finesse
A: retaliatory headbutt, horns 2
a: Heroism, Finesse, Renounce Religion


You were on level 15 of the Dungeon.
You worshipped Okawaru.
Okawaru was exalted by your worship.
You were not hungry.

You visited 1 branch of the dungeon, and saw 15 of its levels.

You collected 940 gold pieces.
You spent 287 gold pieces at shops.

Inventory:

Hand Weapons
 a - a +2 war axe
 D - the +12 battleaxe "Ehops" (weapon) {drain, Dex+5}
   (You bought it in a shop on level 7 of the Dungeon)

   A truly terrible weapon, it drains the life of those it strikes.
   It affects your dexterity (+5).
 F - the +1 broad axe of Disharmony {drain, Int+6}
   (Okawaru gifted it to you on level 7 of the Dungeon)

   A truly terrible weapon, it drains the life of those it strikes.
   It affects your intelligence (+6).
 N - a +1 trident of protection
 R - a +2 great sword of freezing
 U - a +3 battleaxe
Armour
 b - the +1 crystal plate armour "Laplomymp" (worn) {rN++}
   (Okawaru gifted it to you on level 15 of the Dungeon)

   It greatly protects you from negative energy.
 c - a +0 kite shield
 e - a +0 cloak (worn)
 i - a +0 chain mail
 p - a +1 ring mail of fire resistance
 t - a +2 plate armour
 I - the +2 scale mail of Pan-Flutes {Harm rElec rPois Str-2}
   (You found it on level 8 of the Dungeon)

   It affects your strength (-2).
   It insulates you from electricity.
   It protects you from poison.
   It increases damage dealt and taken.
 L - a +0 troll leather armour
 Q - a +0 hat of intelligence (worn)
 S - a +0 ring mail
 V - a +2 pair of gloves
 Z - a +0 pair of gloves of archery (worn)
Jewellery
 k - an uncursed ring of fire
 m - an uncursed ring of see invisible
 q - a +4 ring of protection (left hand)
 G - an uncursed amulet of inaccuracy
 J - an uncursed ring of magical power
 M - an uncursed ring of wizardry
 W - a ring of stealth (right hand)
Wands
 y - a wand of random effects (44)
 A - a wand of flame (18)
 T - a wand of disintegration (9)
 X - a wand of paralysis (10)
Scrolls
 d - a scroll of summoning
 g - 4 scrolls of remove curse
 h - 9 scrolls of identify
 n - a scroll of fear
 r - a scroll of magic mapping
 u - 4 scrolls of noise
 x - 5 scrolls of teleportation
 K - 3 scrolls of fog
 O - a scroll of vulnerability
Potions
 j - a potion of stabbing {unknown}
 l - 4 potions of lignification {unknown}
 o - a potion of brilliance {unknown}
 s - 3 potions of ambrosia {unknown}
 v - 4 potions of magic {unknown}
 w - 7 potions of flight {unknown}
 z - 2 potions of mutation {unknown}
 B - a potion of haste (quivered)
 C - 4 potions of heal wounds {unknown}
 H - 3 potions of berserk rage {unknown}
 P - 2 potions of degeneration {unknown}
 Y - a potion of resistance {unknown}
Miscellaneous
 E - a lightning rod (4/4)
Comestibles
 f - 22 rations


   Skills:
 + Level 13.0 Fighting
 + Level 19.0 Axes
 + Level 12.5 Armour
 + Level 2.9 Dodging
 + Level 1.0 Stealth
 + Level 9.1 Shields
 + Level 1.1 Unarmed Combat
 + Level 2.9 Invocations


You had 12 spell levels left.
You didn't know any spells.
Your spell library contained the following spells:

 Spells                   Type           Power        Failure   Level  Hunger
 Apportation              Tloc           #.....       100%        1    ##.....
 Beastly Appendage        Tmut           #.....       100%        1    ##.....
 Summon Butterflies       Summ           #.......     100%        1    ##.....
 Sticks to Snakes         Tmut           #.......     100%        2    ###....
 Lesser Beckoning         Tloc           #.........   100%        3    ####...
 Spider Form              Tmut/Pois      #.........   100%        3    ####...
 Tukima's Dance           Hex            #.......     100%        3    ####...
 Ice Form                 Ice/Tmut       #.......     100%        4    #####..
 Leda's Liquefaction      Hex/Erth       #.........   100%        4    #####..
 Alistair's Intoxication  Tmut/Pois      #.......     100%        5    ######.
 Blade Hands              Tmut           #.........   100%        5    ######.
 Bolt of Magma            Conj/Fire/Erth #.........   100%        5    ######.
 Invisibility             Hex            #.......     100%        6    #######
 Iron Shot                Conj/Erth      #.........   100%        6    #######
 Statue Form              Tmut/Erth      #........    100%        6    #######
 Shatter                  Erth           #.........   100%        9    #######


Dungeon Overview and Level Annotations

Branches:
Dungeon (15/15)            Temple (0/1) D:7            Lair (0/6) D:10
    Orc (0/2) D:9          Vaults (0/5) D:14         Depths (0/5) D:15

Altars:
Ashenzari
Cheibriados
Gozag
Kikubaaqudgha
Makhleb
Okawaru
Qazlal
Ru
Yredelemnul
The Shining One

Shops:
D:7 (   D:11 *

Annotations:
D:13 2 transporters, Luthien's ghost, journeyman DECj
D:15 Roxanne


Innate Abilities, Weirdness & Mutations

You reflexively headbutt those who attack you in melee.
You have a pair of horns on your head.


Message History

The centaur warrior zaps a wand.
The centaur warrior creates a blast of freezing vapour!
The now-empty wand crumbles to dust.
The centaur warrior hits you but does no damage.
You are engulfed in freezing vapours.
* * * LOW HITPOINT WARNING * * *
x2 You feel very sick.
The centaur warrior hits you but does no damage. x2
Unknown command.
* * * LOW HITPOINT WARNING * * *
You feel very sick. The centaur warrior hits you.
* * * LOW HITPOINT WARNING * * *
The centaur warrior hits you but does no damage. x2
Unknown command.
You can now deal lightning-fast blows.
* * * LOW HITPOINT WARNING * * *
You feel very sick.
The centaur warrior hits you but does no damage. x2
You die...

.#≈##............###.##
..................#...#.
...)....................
...........§§§..........
............§§.......!..
#............§§.........
#........#..##§.........
#........#.###§§..).....
.####..##..###§c@.......
.#..#######§§§☼§........
.#..# ####§§§☼.........
.##.####>##§§§§.........
.#......###§#§..........
.#≈.#.≈.# #.#§..........
.#..#...# #.............
.#.####.####............
#...#......#..........


You could see a centaur warrior (fast, drained).

Vanquished Creatures
  Nessos (D:12)
  2 centaur warriors
  A vault guard (D:14)
  4 hydras
  2 tengu warriors (D:15)
  5 two-headed ogres
  3 unseen horrors
  Pikel (D:6)
  The ghost of zergursh the Slasher, a novice DgFi (D:6)
  A wolf spider (D:15)
  11 ugly things
  An orc knight (D:14)
  3 cyclopes
  A wolf spider zombie (D:13)
  4 centaur zombies
  A gargoyle (D:11)
  A komodo dragon (shapeshifter) (D:15)
  A tengu conjurer (D:15)
  3 trolls
  A hornet (D:11)
  Grinder (D:4)
  4 hippogriffs
  14 slime creatures
  3 shadows
  A wyvern (D:11)
  10 humans
  2 water elementals (D:15)
  4 yaks (D:11)
  4 hogs (D:7)
  4 hungry ghosts
  8 vampire mosquitoes
  A soldier ant (D:13)
  Duvessa (D:4)
  A water moccasin (D:5)
  10 orc warriors
  A slave (D:6)
  9 sky beasts
  A black bear (D:9)
  A hornet zombie (D:14)
  7 ice beasts
  6 ogres
  2 phantoms
  20 centaurs
  A necrophage (D:9)
  A crocodile (D:13)
  A big kobold (D:9)
  2 gnoll sergeants
  11 bullfrogs
  A wyvern zombie (D:7)
  Dowan (D:4)
  A water moccasin skeleton (D:4)
  A scorpion (D:4)
  13 killer bees
  24 wights
  5 howler monkeys
  5 crimson imps
  13 orc wizards
  9 hounds
  4 jellies
  6 orc priests
  4 centaur skeletons
  4 bullfrog skeletons
  Natasha (twice) (D:4)
  5 iguanas
  4 worker ants
  A killer bee zombie (D:4)
  A hound zombie (D:6)
  A hound skeleton (D:10)
  A worker ant zombie (D:10)
  17 gnolls
  15 adders
  4 shadow imps
  An ooze (D:3)
  2 adder skeletons
  3 worms
  2 dart slugs
  8 leopard geckos
  39 orcs
  3 giant cockroaches
  2 gnoll zombies (D:2)
  12 hobgoblins
  11 jackals
  10 kobolds
  2 quokkas
  A ball python skeleton (D:5)
  7 bats
  4 frilled lizards
  10 goblins
  7 rats
445 creatures vanquished.

Vanquished Creatures (others)
  A vault guard (D:14)
  A komodo dragon (D:13)
  A human (D:14)
3 creatures vanquished.

Grand Total: 448 creatures vanquished

Notes
Turn   | Place    | Note
-------+----------+-------------------------------------------
     0 | D:1      | nebnoj the Minotaur Fighter began the quest for the Orb.
     0 | D:1      | Reached XP level 1. HP: 19/19 MP: 0/0
   390 | D:1      | Reached XP level 2. HP: 23/27 MP: 1/1
  1050 | D:2      | Reached skill level 3 in Axes
  1050 | D:2      | Reached XP level 3. HP: 32/33 MP: 2/2
  1366 | D:2      | Reached XP level 4. HP: 37/40 MP: 3/3
  1435 | D:2      | Found a basalt altar of Yredelemnul.
  1949 | D:3      | Found an iron altar of Okawaru.
  2037 | D:3      | Became a worshipper of Warmaster Okawaru
  2389 | D:3      | Reached skill level 4 in Axes
  2389 | D:3      | Reached XP level 5. HP: 30/47 MP: 4/4
  3020 | D:4      | Noticed Duvessa
  3020 | D:4      | Noticed Dowan
  3027 | D:4      | Killed Dowan
  3027 | D:4      | Reached skill level 5 in Shields
  3032 | D:4      | Killed Duvessa
  3032 | D:4      | Reached skill level 5 in Axes
  3032 | D:4      | Reached XP level 6. HP: 52/55 MP: 5/5
  3078 | D:4      | Reached * piety under Okawaru
  3141 | D:4      | Reached skill level 1 in Dodging
  3185 | D:4      | Reached skill level 5 in Fighting
  3185 | D:4      | Reached skill level 6 in Axes
  3229 | D:4      | Noticed Grinder
  3230 | D:4      | Paralysed by Grinder for 3 turns
  3236 | D:4      | Paralysed by Grinder for 2 turns
  3241 | D:4      | Paralysed by Grinder for 4 turns
  3246 | D:4      | Killed Grinder
  3246 | D:4      | Reached ** piety under Okawaru
  3246 | D:4      | Reached skill level 5 in Armour
  3246 | D:4      | Reached XP level 7. HP: 55/61 MP: 6/6
  3456 | D:4      | Reached skill level 7 in Axes
  3579 | D:4      | Noticed Natasha
  3586 | D:4      | Killed Natasha
  3780 | D:4      | Noticed Natasha
  3789 | D:4      | Killed Natasha
  4007 | D:5      | Entered Level 5 of the Dungeon
  4185 | D:5      | Reached XP level 8. HP: 65/69 MP: 7/7
  4213 | D:5      | Reached skill level 8 in Axes
  4232 | D:5      | Reached *** piety under Okawaru
  4322 | D:5      | Reached skill level 9 in Axes
  4415 | D:5      | Found a shattered altar of Ashenzari.
  4694 | D:5      | Found a snail-covered altar of Cheibriados.
  6071 | D:6      | Noticed Pikel
  6093 | D:6      | Killed Pikel
  6093 | D:6      | Reached **** piety under Okawaru
  6093 | D:6      | Reached skill level 10 in Axes
  6093 | D:6      | Reached XP level 9. HP: 53/78 MP: 8/8
  6345 | D:6      | Found a runed translucent door.
  6350 | D:6      | Noticed zergursh's ghost (novice DgFi)
  6398 | D:6      | Killed zergursh's ghost
  6398 | D:6      | Reached skill level 1 in Unarmed Combat
  6541 | D:6      | Reached skill level 11 in Axes
  7173 | D:7      | Reached XP level 10. HP: 16/86 MP: 7/9
  7331 | D:7      | Reached ***** piety under Okawaru
  7509 | D:7      | Reached skill level 12 in Axes
  7544 | D:7      | Found a staircase to the Ecumenical Temple.
  7755 | D:7      | Found Cepnypug's Antique Weapon Shoppe.
  7774 | D:7      | Bought a brightly glowing battleaxe for 287 gold pieces
  7779 | D:7      | Identified the +12 battleaxe "Ehops" {drain, Dex+5} (You
                  | bought it in a shop on level 7 of the Dungeon)
  7980 | D:7      | Received a gift from Okawaru
  7999 | D:7      | Got a translucent broad axe {god gift}
  8002 | D:7      | Identified the +1 broad axe of Disharmony {drain, Int+6}
                  | (Okawaru gifted it to you on level 7 of the Dungeon)
  8176 | D:8      | Found a sacrificial altar of Ru.
  8250 | D:8      | Paralysed by fainting for 5 turns
  8263 | D:8      | Reached skill level 1 in Stealth
  8328 | D:8      | Got a jade-encrusted scale mail
  8335 | D:8      | Identified the +2 scale mail of Pan-Flutes {Harm rElec
                  | rPois Str-2} (You found it on level 8 of the Dungeon)
  8424 | D:8      | Found an opulent altar of Gozag.
  8494 | D:8      | Found a stormy altar of Qazlal.
  8621 | D:8      | You fall into a shaft and drop 1 floor!
  8624 | D:9      | Noticed a two-headed ogre
  8632 | D:9      | Killed a two-headed ogre
  8632 | D:9      | Reached skill level 13 in Axes
  8995 | D:9      | Found an ancient bone altar of Kikubaaqudgha.
  8999 | D:9      | Found a stormy altar of Qazlal.
  9003 | D:9      | Found a glowing golden altar of the Shining One.
  9042 | D:9      | Reached skill level 1 in Invocations
  9184 | D:9      | Found a staircase to the Orcish Mines.
  9286 | D:9      | Found an opulent altar of Gozag.
  9530 | D:9      | Reached XP level 11. HP: 92/94 MP: 11/11
  9870 | D:10     | Entered Level 10 of the Dungeon
  9908 | D:10     | Received a gift from Okawaru
 10146 | D:10     | Reached skill level 14 in Axes
 10260 | D:10     | Found a staircase to the Lair.
 10276 | D:10     | Found a burning altar of Makhleb.
 10790 | D:11     | Noticed a purple ugly thing
 10798 | D:11     | Killed a purple ugly thing
 11582 | D:11     | Reached skill level 15 in Axes
 11761 | D:11     | Found Nemixais's General Store.
 11765 | D:11     | Noticed an eight-headed hydra
 11786 | D:11     | Killed a 14-headed hydra
 12404 | D:12     | Noticed a two-headed ogre
 12406 | D:12     | Noticed a two-headed ogre
 12410 | D:12     | Killed a two-headed ogre
 12411 | D:12     | Killed a two-headed ogre
 12411 | D:12     | Reached skill level 10 in Fighting
 12411 | D:12     | Reached skill level 10 in Armour
 12661 | D:12     | Noticed Nessos
 12681 | D:12     | HP: 3/98 [Nessos (10)]
 12690 | D:12     | Killed Nessos
 12690 | D:12     | Reached XP level 12. HP: 9/107 MP: 12/12
 13543 | D:13     | Reached skill level 16 in Axes
 13568 | D:13     | Received a gift from Okawaru
 13570 | D:13     | Noticed a centaur warrior
 13579 | D:13     | Killed a centaur warrior
 13670 | D:13     | Noticed a two-headed ogre
 13684 | D:13     | Killed a two-headed ogre
 13684 | D:13     | Reached ****** piety under Okawaru
 13686 | D:13     | Received a gift from Okawaru
 13772 | D:13     | Noticed a four-headed hydra
 13782 | D:13     | Killed a seven-headed hydra
 14167 | D:13     | Noticed a two-headed ogre
 14181 | D:13     | Killed a two-headed ogre
 14181 | D:13     | Reached skill level 17 in Axes
 14390 | D:13     | Received a gift from Okawaru
 14778 | D:13     | Noticed Luthien's ghost (journeyman DECj)
 14779 | D:13     | Found a transporter.
 14784 | D:13     | Found a transporter.
 15461 | D:14     | Reached XP level 13. HP: 118/118 MP: 14/14
 16345 | D:14     | Reached skill level 18 in Axes
 16389 | D:14     | Identified the +7 glaive of the Toadstool {flame, rElec
                  | Int+6}
 16743 | D:14     | Found a gate to the Vaults.
 17152 | D:15     | Entered Level 15 of the Dungeon
 17178 | D:15     | Identified Roxanne's Disquisition on Stones
 17178 | D:15     | Noticed Roxanne
 17236 | D:15     | Received a gift from Okawaru
 17587 | D:15     | Got an ancient crystal plate armour {god gift}
 17598 | D:15     | Identified the +1 crystal plate armour "Laplomymp" {rN++}
                  | (Okawaru gifted it to you on level 15 of the Dungeon)
 17629 | D:15     | Found a staircase to the Depths.
 17632 | D:15     | Reached skill level 19 in Axes
 17841 | D:15     | HP: 3/122 [poisoned by a centaur warrior (poison gas)]
 17842 | D:15     | Succumbed to a centaur warrior's poison gas

Illustrated notes

Levels and vault maps discovered:
D:1:      arrival_zaba_pyramid, layout_basic
D:2:      cheibrodos_greedy_goblins, layout_loops_ring,
          lemuel_zombie_altar_yredelemnul
D:3:      layout_basic, okawaru_gym_becter
D:4:      layout_basic, first_ration, serial_curves, eino_curves_02,
          eino_curves_02, uniq_grinder, uniq_duvessa, uniq_natasha
D:5:      layout_layer_cave, cheibrodos_worm_habitat,
          ashenzari_conservatory_becter, grunt_ministairs_1
D:6:      layout_loops_corners, ebering_ghost_sewer_d, minivault_23, uniq_pikel
D:7:      layout_cave_pools, tgw_trog, nicolae_overflow_hidden_temple,
          minmay_temple_entry_ruins, serial_shops, nicolae_shop_waterfront,
          grunt_livestock, minmay_small_thing
D:8:      layout_loops_ring, nicolae_gozag_cash_rules_everything_around_me,
          basic_altar, nicolae_qazlal_eye_of_the_storm
D:9:      layout_roguey, grunt_temple_overflow_open, david_orc_2, basic_altar
D:10:     layout_roguey, lair_entry_dummy, basic_altar
D:11:     layout_stronghold, serial_shops, shop
D:12:     layout_rooms, serial_curves, eino_curves_02, eino_curves_01,
          eino_curves_01, uniq_nessos
D:13:     layout_rooms, gammafunk_ghost_hive
D:14:     layout_basic, ximxim_vaults_locker_room, hangedman_decor_slide_cut
D:15:     hangedman_depths_entry_try_elsewhere_first, layout_cave_pools,
          minivault_4, uniq_roxanne

Skill      XL: |  1  2  3  4  5  6  7  8  9 10 11 12 13 |
---------------+----------------------------------------+-----
Armour         | 4 5 6 8 9 10 11 12 | 12.5
Shields        | 4 5 6 7 8 9 |  9.1
Axes           | 3 4 5 6 7 10 11 13 15 17 19 | 19.0
Fighting       | 4 5 6 7 8 10 12 13 | 13.0
Dodging        | 1 2 |  2.9
Unarmed Combat | 1 |  1.1
Stealth        | 1 |  1.0
Invocations    | 1 2 |  2.9

Action                   |  1- 3 |  4- 6 |  7- 9 | 10-12 | 13-15 || total
-------------------------+-------+-------+-------+-------+-------++-------
Melee: War axe           |   106 |    90 |   249 |    37 |       ||   482
       Headbutt          |    16 |    17 |    49 |    89 |    45 ||   216
       Unarmed           |       |       |    11 |       |       ||    11
       Battleaxe         |       |       |       |   367 |   180 ||   547
Invok: Heroism           |       |       |     3 |       |       ||     3
       Finesse           |       |       |       |     4 |     2 ||     6
  Use: Scroll            |     2 |     5 |     5 |     6 |     1 ||    19
       Potion            |       |       |     1 |     3 |       ||     4
  Eat: Chunk             |     2 |     4 |     3 |     4 |     1 ||    14
       Ration            |       |       |     4 |     8 |     2 ||    14
Armor: Scale mail        |    44 |       |       |       |       ||    44
       Chain mail        |    57 |    62 |    15 |       |       ||   134
       Plate armour      |       |       |   136 |   403 |   154 ||   693
       Skin              |       |       |     3 |       |       ||     3
       Crystal plate arm |       |       |       |       |    24 ||    24
Dodge: Dodged            |    44 |    24 |    71 |   236 |    76 ||   451
Block: Kite shield       |    78 |    69 |   141 |    42 |       ||   330
